 Dungeon Crawl Stone Soup version 0.31-a0-840-g6d2ecbb638 (webtiles) character file.

Game seed: 12613948141533071855

2233 Ivernyr the Cruncher (level 9, 0/49 HPs)
             Began as a Vine Stalker Gladiator on Sept 27, 2023.
             Succumbed to Sigmund's poison
             ... on level 6 of the Dungeon.
             The game lasted 00:09:35 (4071 turns).

Ivernyr the Cruncher (Vine Stalker Gladiator)       Turns: 4071, Time: 00:09:35

Health: 0/49       AC: 22    Str: 25    XL:     9   Next: 36%
Magic:  10/10      EV: 13    Int:  7    God:
Gold:   341        SH:  5    Dex: 17    Spells: 8/8 levels left

rFire   . . .        a - +0 quarterstaff
rCold   . . .        (shield currently unavailable)
rNeg    + + +        H - +6 scale mail "Omosyrch" {-Cast rN+++ Will- Dex+2}
rPois   +            c - +0 helmet
rElec   .            (no cloak)
rCorr   .            (no gloves)
SInv    .            (no boots)
Will    .....        m - amulet of reflection Stlth
                     t - +4 ring of protection
HPRegen 1.08/turn    F - +4 ring of protection
MPRegen 0.12/turn

%: no spellcasting, reflection, clarity, guardian spirit
@: lethally poisoned (0 -> -4), attractive
A: fangs 3, regeneration 1, magic shield, antimagic bite, no potion heal 2,
clarity, poison resistance, strong 1
a: no special abilities


You were on level 6 of the Dungeon.
You visited 1 branch of the dungeon, and saw 6 of its levels.

You collected 341 gold pieces.

Inventory:

Hand Weapons
 a - a +0 quarterstaff (weapon)
Missiles
 d - 3 throwing nets (quivered)
 e - 7 javelins
Armour
 c - a +0 helmet (worn)
 H - the +6 scale mail "Omosyrch" (worn) {-Cast rN+++ Will- Dex+2}
   (You found it on level 6 of the Dungeon)

   Dex+2:     It affects your dexterity (+2).
   rN+++:     It renders you almost immune to negative energy.
   Will-:     It decreases your willpower.
   -Cast:     It prevents spellcasting.
Jewellery
 m - an amulet of reflection (around neck)
 n - a ring of positive energy
 q - a +6 ring of dexterity
 t - a +4 ring of protection (left hand)
 x - a ring of poison resistance
 z - a ring of flight
 F - a +4 ring of protection (right hand)
Wands
 A - a wand of flame (13)
 E - a wand of acid (7)
Scrolls
 g - 6 scrolls of identify {unknown}
 h - a scroll of silence {unknown}
 i - a scroll of immolation {unknown}
 j - 2 scrolls of poison {unknown}
 k - a scroll of enchant armour {unknown}
 l - a scroll of amnesia {unknown}
 s - a scroll of teleportation {unknown}
 u - a scroll of vulnerability {unknown}
 v - 2 scrolls of fog {unknown}
 y - a scroll of enchant weapon {unknown}
 C - a scroll of noise {unknown}
 D - 2 scrolls of fear {unknown}
 G - a scroll of revelation {unknown}
Potions
 w - a potion of invisibility {unknown}
 B - a potion of curing {unknown}


   Skills:
 + Level 6.6 Fighting
 * Level 9.4 Staves
 - Level 1.7 Throwing
 + Level 5.6 Armour
 + Level 6.3 Dodging


You had 8 spell levels left.
You didn't know any spells.
Your spell library contained the following spells:

 Spells                   Type           Power      Damage    Failure   Level
 Inner Flame              Hex/Fire       0%         N/A       97%         3
 Flame Wave               Conj/Fire      0%         2d4       100%        4
 Sticky Flame             Conj/Fire      0%         2d3       100%        4


Dungeon Overview and Level Annotations

Branches:
Dungeon (6/15)
 Temple: D:4-7

Altars:
Ashenzari
Cheibriados
Fedhas
Gozag
Kikubaaqudgha
Ru
Vehumet
Xom

Shops:
D:4 =

Annotations:
D:6 Sigmund


Innate Abilities, Weirdness & Mutations

You have razor-sharp teeth.
Your natural rate of healing is unusually fast.
When hurt, damage is shared between your health and your magic reserves.
Your bite disrupts and absorbs the magic of your enemies.
Potions cannot restore your health.
You possess an exceptional clarity of mind.
Your system is resistant to poisons. (rPois)
Your muscles are strong. (Str +4, Int/Dex -1)


Message History

You feel very sick. Something barely misses you.
You closely miss something.
You feel very sick. Something hits you!
You are more poisoned.
You barely miss something.
You feel very sick.
You miss something. You bite something. You drain its magic.
You feel invigorated.
* * * LOW HITPOINT WARNING * * *
You feel very sick. Something barely misses you.
It was a potion of experience.
You feel more experienced!
Your Fighting skill gained 2 levels and is now at level 6!
Your Staves skill gained 3 levels and is now at level 9!
Your Armour skill gained 2 levels and is now at level 5!
Your Dodging skill gained 2 levels and is now at level 6!
You have reached level 9!
Your experience leads to an increase in your attributes!
Your base attributes are Str 19, Int 8, Dex 16.
Increase (S)trength, (I)ntelligence, or (D)exterity?
You feel stronger. x2
* * * LOW HITPOINT WARNING * * *
You feel very sick. Something hits you but does no damage.
You are lethally poisoned!
It was a potion of attraction.
You feel attractive to monsters.
* * * LOW HITPOINT WARNING * * *
You feel very sick.
It was a potion of heal wounds.
That seemed strangely inert.
* * * LOW HITPOINT WARNING * * *
You feel very sick.
You hear some strange, mumbled words.
Something tries to affect you, but you resist.
It was a potion of mutation.
You feel extremely strange.
You feel resistant to poisons.
Your thoughts seem clearer.
You feel stronger.
You die...

.........## ....#..
.....#..#### ######
####..........#.
##.....##.#.............
#.......................
#.....#...............#
#<......###........)).
#....@#...............
#.##{.###.............
...$# ##...........)
#..#.## ##...........
####. ##........). ##
#....(..... #..........
##......... #.........


There were no monsters in sight!

Vanquished Creatures
  A water moccasin (D:6)
  An ogre (D:6)
  A centaur (D:4)
  A phantom (D:6)
  A scorpion (D:6)
  4 wights (D:6)
  A howler monkey (D:5)
  4 hounds
  2 iguanas (D:4)
  Terence (D:2)
  A sleepcap (D:6)
  3 orc wizards (D:4)
  9 adders
  A shadow imp (D:6)
  A white imp (D:4)
  A worm (D:5)
  3 dart slugs (D:1)
  12 orcs
  3 bats
  10 endoplasms
  A giant cockroach (D:1)
  7 goblins
  13 hobgoblins
  7 jackals (D:4)
  4 ball pythons
  2 frilled lizards
  8 kobolds
  4 rats (D:1)
107 creatures vanquished.

Notes
Turn   | Place    | Note
-------+----------+-------------------------------------------
     0 | D:1      | Ivernyr the Vine Stalker Gladiator began the quest for the
                  | Orb.
     0 | D:1      | Reached XP level 1. HP: 11/11 MP: 2/2
   134 | D:1      | Reached XP level 2. HP: 15/15 MP: 3/3
   234 | D:1      | Reached skill level 3 in Staves
   348 | D:1      | Reached XP level 3. HP: 18/18 MP: 2/4
   434 | D:1      | Found a faded altar of an unknown god.
   758 | D:2      | Found an ancient bone altar of Kikubaaqudgha.
   875 | D:2      | Reached skill level 1 in Armour
   997 | D:2      | Reached XP level 4. HP: 19/23 MP: 3/5
  1136 | D:2      | Noticed Terence
  1147 | D:2      | Killed Terence
  1973 | D:3      | Reached XP level 5. HP: 27/27 MP: 6/6
  2186 | D:4      | Found Jed Sedi's Jewellery Shop.
  2246 | D:4      | Noticed a centaur
  2247 | D:4      | Reached skill level 4 in Staves
  2263 | D:4      | Killed a centaur
  2264 | D:4      | Reached XP level 6. HP: 30/32 MP: 5/7
  2400 | D:4      | Found a blossoming altar of Fedhas.
  2476 | D:4      | Found a sacrificial altar of Ru.
  2478 | D:4      | Found an opulent altar of Gozag.
  2759 | D:5      | Entered Level 5 of the Dungeon
  2782 | D:4      | Reached XP level 7. HP: 34/36 MP: 6/8
  2906 | D:5      | Reached skill level 5 in Staves
  3067 | D:5      | Found a snail-covered altar of Cheibriados.
  3219 | D:5      | Found a shimmering altar of Xom.
  3674 | D:6      | Found a broken altar of Ashenzari.
  3696 | D:6      | Identified the +6 scale mail "Omosyrch" {-Cast rN+++ Will-
                  | Dex+2}
  3843 | D:6      | Found a radiant altar of Vehumet.
  3898 | D:6      | Gained mutation: You have razor-sharp teeth. [Vine Stalker
                  | growth]
  3898 | D:6      | Reached XP level 8. HP: 42/42 MP: 9/9
  3945 | D:6      | Reached skill level 6 in Staves
  4058 | D:6      | Noticed Sigmund
  4068 | D:6      | Reached skill level 9 in Staves
  4068 | D:6      | Reached skill level 5 in Armour
  4068 | D:6      | Reached XP level 9. HP: 11/49 MP: 10/10
  4070 | D:6      | HP: 2/49 [poisoned by Sigmund]
  4071 | D:6      | Gained mutation: Your system is resistant to poisons.
                  | (rPois) [potion of mutation]
  4071 | D:6      | Gained mutation: You possess an exceptional clarity of
                  | mind. [potion of mutation]
  4071 | D:6      | Gained mutation: Your muscles are strong. (Str +4, Int/Dex
                  | -1) [potion of mutation]
  4071 | D:6      | Succumbed to Sigmund's poison

Illustrated notes

Levels and vault maps discovered:
D:1:      sevenhm_arrival_forest_fort_small_5, layout_loops_ring,
          shapermc_ecumenical_altar_mp_vishouse, minmay_cupped
D:2:      layout_loops_ring, basic_altar, uniq_terence
D:3:      layout_loops_ring
D:4:      layout_basic, fedhas_altar_3, nicolae_overflow_hidden_temple,
          serial_shops, shop
D:5:      layout_layer_cave, mainiacjoe_overflow_divided_tiny,
          dreamdust_princess_bridge
D:6:      layout_cave_pools, kennysheep_little_box,
          mainiacjoe_overflow_brackets, temple_pool_b, uniq_sigmund

Skill      XL: |  1  2  3  4  5  6  7  8 |
---------------+-------------------------+-----
Fighting       | 2 3 6 |  6.6
Staves         | 3 4 5 9 |  9.4
Armour         | 1 2 5 |  5.6
Dodging        | 3 4 6 |  6.3
Throwing       | |  1.7

Action                     |  1- 3 |  4- 6 |  7- 9 || total
---------------------------+-------+-------+-------++-------
  Melee: Quarterstaff      |    90 |   175 |   115 ||   380
         Bite              |    18 |    49 |    38 ||   105
    Use: Potion            |       |       |     4 ||     4
   Stab: Sleeping          |     1 |     6 |     1 ||     8
         Distracted        |       |     1 |       ||     1
 Armour: Leather armour    |    16 |       |       ||    16
         Robe              |    29 |    91 |    28 ||   148
         Scale mail        |       |       |    25 ||    25
  Dodge: Dodged            |    55 |   114 |    49 ||   218
  Block: Other             |     5 |    30 |    26 ||    61
         Reflection        |       |     1 |       ||     1

Table legend: (Time is in decaauts)
 A = Elapsed time spent in this place.
 B = Non-inter-level travel time spent in this place.
 C = Inter-level travel time spent in this place.
 D = Time resting spent in this place.
 E = Time spent auto-exploring this place.
 F = Levels seen in this place.
 G = Mean time per level.
                   A        B        C        D        E       F      G
               +--------+--------+--------+--------+--------+-----+--------+
         Total |   4104 |   4009 |     95 |     15 |   3078 |   6 |  684.0 |
       Dungeon |   4104 |   4009 |     95 |     15 |   3078 |   6 |  684.0 |
               +--------+--------+--------+--------+--------+-----+--------+

Top non-repeatable levels by time:
     D:5: 864 daAuts
     D:1: 758 daAuts
     D:4: 742 daAuts
     D:3: 665 daAuts
     D:2: 653 daAuts
     D:6: 421 daAuts
